 Dungeon Crawl Stone Soup version 0.32-a0-35-gd9ff480968 (webtiles) character file.

Game seed: 14100499156636264199

5498 funkygono the Cleaver (level 10, -10/90 HPs)
             Began as a Minotaur Fighter on Jan 21, 2024.
             Killed from afar by Erica (26 damage)
             ... with a bolt of poison
             ... on level 8 of the Dungeon on Jan 22, 2024.
             The game lasted 00:17:23 (7968 turns).

funkygono the Cleaver (Minotaur Fighter)            Turns: 7968, Time: 00:17:23

Health: -10/90     AC: 18    Str: 25    XL:     10   Next: 42%
Magic:  9/9        EV:  4    Int: 11    God:
Gold:   462        SH: 13    Dex: 10    Spells: 9/9 levels left

rFire   . . .        a - +1 war axe (flame)
rCold   + . .        b - +4 kite shield {AC+3}
rNeg    . . .        B - +1 plate armour
rPois   .            (helmet restricted)
rElec   .            (no cloak)
rCorr   .            (no gloves)
SInv    .            (no boots)
Will    .....        (no amulet) Stlth
                     f - +6 ring of intelligence
HPRegen 0.35/turn    C - ring of protection from cold
MPRegen 0.11/turn

%: no passive effects
@: lethally poisoned (-10 -> -36), constricted
A: horns 2, retaliatory headbutt
a: no special abilities


You were on level 8 of the Dungeon.
You visited 2 branches of the dungeon, and saw 9 of its levels.
You also visited: Sewer.

You collected 462 gold pieces.

Inventory:

Hand Weapons
 a - a +1 war axe of flaming (weapon)
Missiles
 l - 10 poisoned darts
 r - 19 stones (quivered)
 w - a throwing net
Armour
 b - a +4 kite shield of protection (worn)
 B - a +1 plate armour (worn)
Jewellery
 f - a +6 ring of intelligence (left hand)
 g - a +6 ring of intelligence
 C - a ring of protection from cold (right hand)
Wands
 q - a wand of mindburst (23)
 u - a wand of polymorph (4)
 x - a wand of paralysis (12)
 y - a wand of flame (69)
 A - a wand of quicksilver (7)
 D - a wand of roots (16)
Scrolls
 c - 2 scrolls of silence
 h - 2 scrolls of fog
 i - 2 scrolls of teleportation
 n - 3 scrolls of identify
 p - 2 scrolls of brand weapon
 s - 2 scrolls of immolation
Potions
 d - a potion of might
 e - a potion of invisibility
 j - a potion of attraction
 k - a potion of berserk rage
 m - 3 potions of resistance
 o - a potion of mutation
 t - a potion of lignification
 v - a potion of ambrosia
 E - 2 potions of brilliance
 F - a potion of haste {unknown}


   Skills:
 + Level 8.4 Fighting
 + Level 12.4 Axes
 + Level 3.7 Throwing
 + Level 9.4 Armour
 + Level 2.0 Dodging
 + Level 0.2 Stealth
 + Level 7.1 Shields


You had 9 spell levels left.
You didn't know any spells.
Your spell library contained the following spells:

 Spells                   Type           Power      Damage    Failure   Level
 Magic Dart               Conj           0%         1d3       100%        1
 Blink                    Tloc           0%         N/A       100%        2
 Call Imp                 Summ           0%         N/A       100%        2
 Lesser Beckoning         Tloc           0%         N/A       100%        2
 Momentum Strike          Conj/Tloc      0%         3d8       100%        2
 Sublimation of Blood     Necr           0%         N/A       100%        2
 Iskenderun's Mystic Bla  Conj/Tloc      0%         2d3       100%        4
 Petrify                  Alch/Erth      0%         N/A       100%        4
 Irradiate                Conj/Alch      0%         3d11      100%        5
 Spellforged Servitor     Conj/Summ      0%         N/A       100%        7
 Shatter                  Erth           0%         3d5*      100%        9


Dungeon Overview and Level Annotations

Branches:
Dungeon (8/15)             Temple (1/1) D:4            Lair (0/5) D:8
  Sewer (visited)

Altars:
Ashenzari
Cheibriados
Elyvilon
Fedhas
Gozag
Hepliaklqana
Nemelex Xobeh
Qazlal
Ru
Sif Muna
Trog
Uskayaw
Vehumet
Wu Jian
Xom
Yredelemnul
Zin
The Shining One

Shops:
D:6 *

Annotations:
D:8 Erica


Innate Abilities, Weirdness & Mutations

You have a pair of horns on your head.
You reflexively headbutt those who attack you in melee.


Message History

You slash something! You burn something. Your headbutt misses something.
You feel very sick. Something hits you! Something burns you.
You are constricted.
* * * LOW HITPOINT WARNING * * *
You barely miss something.
You feel very sick. Something hits you!
* * * LOW HITPOINT WARNING * * *
Something burns you.
* * * LOW HITPOINT WARNING * * *
You are constricted.
* * * LOW HITPOINT WARNING * * *
You feel better. Something hits you.
* * * LOW HITPOINT WARNING * * *
Something burns you.
* * * LOW HITPOINT WARNING * * *
You are constricted.
You feel better. Something hits you!
* * * LOW HITPOINT WARNING * * *
Something burns you.
* * * LOW HITPOINT WARNING * * *
You are constricted.
* * * LOW HITPOINT WARNING * * *
You feel better. Something hits you but does no damage.
You are constricted.
You barely miss something. Your headbutt misses something.
You hear some strange, mumbled words.
A bolt of poison appears from out of thin air!
The bolt of poison hits you but does no damage.
You are lethally poisoned!
You are constricted.
You slash something! You burn something.
* * * LOW HITPOINT WARNING * * *
You feel very sick. You block something's attack.
You are constricted.
You feel better.
You hear some strange, mumbled words.
A bolt of poison appears from out of thin air!
The bolt of poison hits you!!
You are lethally poisoned!
You die...

#...........#...#.#.##.##
##.........####........##
##...#...## ##..##.<...
#######.####...# ###...
#.##.....###..... ####
#............###. .....
####....##..# #.
......####.....###. #.
......{@.......# 8 ##
......#####....#_ # .....
...#### #. #### ##.# #.
.# ## ##


There were no monsters in sight!

Vanquished Creatures
  A two-headed ogre (D:7)
  Grinder (D:5)
  Prince Ribbit (D:5)
  7 yaks
  A basilisk (D:8)
  2 wyverns (D:7)
  Eustachio (D:6)
  4 water moccasins
  2 orc warriors
  4 ice beasts
  An ogre (D:4)
  3 centaurs
  A phantom (D:6)
  A kobold brigand (Sewer)
  Blork the orc (D:5)
  2 gnoll sergeants
  A scorpion (D:6)
  3 killer bees (D:7)
  A quasit (D:5)
  2 hounds
  4 jellies
  2 orc priests (D:4)
  A sleepcap (D:4)
  Ijyb (D:3)
  4 iguanas
  6 orc wizards
  Natasha (thrice) (D:4)
  Robin (D:3)
  16 gnolls
  6 adders
  3 river rats (Sewer)
  4 shadow imps (D:5)
  4 white imps
  An ufetubus (D:5)
  A dart slug (D:1)
  3 ribbon worms (Sewer)
  24 orcs
  10 ball pythons
  15 endoplasms
  7 giant cockroaches
  6 goblins
  14 hobgoblins
  4 jackals (D:4)
  8 quokkas
  4 bats
  2 frilled lizards (D:1)
  16 kobolds
  7 rats
217 creatures vanquished.

Notes
Turn   | Place    | Note
-------+----------+-------------------------------------------
     0 | D:1      | funkygono the Minotaur Fighter began the quest for the Orb.
     0 | D:1      | Reached XP level 1. HP: 19/19 MP: 0/0
    73 | D:1      | Found a faded altar of an unknown god.
    85 | D:1      | Reached XP level 2. HP: 24/27 MP: 1/1
   369 | D:1      | Reached XP level 3. HP: 31/33 MP: 2/2
   473 | D:1      | Reached skill level 3 in Axes
   750 | D:2      | Found an opulent altar of Gozag.
   896 | D:2      | Identified the +5 dagger "Arcanum" {heavy, rN+}
   969 | D:2      | Reached XP level 4. HP: 41/41 MP: 3/3
   991 | D:2      | Identified the +5 ring mail of Cihuysm Taph {rF- Int+4}
  1489 | D:3      | Got the Volume of Bruises and the Syncline
  1678 | D:3      | Noticed Ijyb
  1686 | D:3      | Paralysed by Ijyb for 4 turns
  1687 | D:3      | Noticed Robin
  1693 | D:3      | Paralysed by Ijyb for 2 turns
  1698 | D:3      | Paralysed by Ijyb for 2 turns
  1703 | D:3      | Killed Ijyb
  1704 | D:3      | Reached skill level 4 in Axes
  1721 | D:3      | Reached XP level 5. HP: 10/47 MP: 4/4
  1724 | D:3      | Killed Robin
  2693 | D:4      | Noticed an ogre
  2700 | D:4      | Killed an ogre
  2701 | D:4      | Reached skill level 5 in Axes
  2701 | D:4      | Reached skill level 1 in Dodging
  2847 | D:4      | Found a staircase to the Ecumenical Temple.
  2857 | D:4      | Reached skill level 5 in Fighting
  2857 | D:4      | Reached XP level 6. HP: 56/56 MP: 5/5
  2864 | Temple   | Entered the Ecumenical Temple
  3042 | D:4      | Reached skill level 1 in Throwing
  3115 | D:4      | Reached skill level 6 in Axes
  3356 | D:4      | Noticed Natasha
  3360 | D:4      | Killed Natasha
  3386 | D:4      | Noticed Natasha
  3398 | D:4      | Killed Natasha
  3435 | D:4      | Noticed Natasha
  3441 | D:4      | Killed Natasha
  3685 | D:5      | Entered Level 5 of the Dungeon
  3687 | D:5      | Noticed Prince Ribbit
  3690 | D:5      | Reached XP level 7. HP: 61/61 MP: 6/6
  3733 | D:5      | Killed Prince Ribbit
  3734 | D:5      | Reached skill level 7 in Axes
  3734 | D:5      | Reached skill level 5 in Armour
  4158 | D:5      | Noticed Blork the orc
  4170 | D:5      | Killed Blork the orc
  4202 | D:5      | Noticed Grinder
  4211 | D:5      | Paralysed by Grinder for 2 turns
  4216 | D:5      | Paralysed by Grinder for 4 turns
  4221 | D:5      | Killed Grinder
  4222 | D:5      | Reached skill level 8 in Axes
  4222 | D:5      | Reached XP level 8. HP: 28/71 MP: 7/7
  4644 | D:5      | Found a sparkling altar of Nemelex Xobeh.
  5009 | D:5      | Identified the +5 trident of the Warrior {freeze, Str+4}
  5181 | D:6      | Reached skill level 9 in Axes
  5267 | D:6      | Found a glowing drain.
  5271 | Sewer    | Entered a sewer
  5331 | Sewer    | Reached skill level 5 in Shields
  5780 | D:6      | Reached XP level 9. HP: 67/79 MP: 8/8
  5894 | D:6      | Reached skill level 10 in Axes
  6116 | D:6      | Noticed Eustachio
  6126 | D:6      | Killed Eustachio
  6461 | D:6      | Found Plog's General Store.
  6839 | D:7      | Reached skill level 11 in Axes
  7356 | D:8      | Found a glowing golden altar of the Shining One.
  7368 | D:8      | Noticed a two-headed ogre
  7517 | D:7      | Killed a two-headed ogre
  7518 | D:7      | Reached XP level 10. HP: 33/88 MP: 9/9
  7749 | D:8      | Found a staircase to the Lair.
  7754 | D:8      | Reached skill level 12 in Axes
  7910 | D:8      | Found a shimmering altar of Xom.
  7952 | D:8      | Noticed Erica
  7968 | D:8      | Killed from afar by Erica

Illustrated notes

Levels and vault maps discovered:
D:1:      dpeg_arrival_refuge, layout_loops_cross,
          chequers_ecumenical_altar_simple_redux
D:2:      layout_rooms, basic_altar, serial_park_tiny_pond, minmay_hexomino_u4
D:3:      layout_loops_corners, amcnicky_mini_corridor_feature,
          nicolae_goblin_pals
D:4:      layout_loops_ring, minmay_temple_entry_junction, eino_tiny_chamber,
          kennysheep_generic_room_14, uniq_natasha
D:5:      layout_cave_pools, lemuel_crystal_altar, serial_demonic,
          serial_demonic_b, serial_demonic_b, serial_demonic_b,
          serial_demonic_d, serial_demonic_e, serial_demonic_d,
          serial_demonic_g, serial_demonic_b, serial_demonic_d,
          serial_demonic_e, hangedman_decor_opposing, minmay_crystal_room,
          kennysheep_generic_room_2, uniq_grinder, uniq_prince_ribbit1,
          uniq_blork_the_orc
D:6:      layout_basic, gup_sewer_entry_spiral, serial_shops,
          nicolae_shop_tiny_waterfront, uniq_eustachio
D:7:      layout_cave_pools
D:8:      layout_rooms, minitemple, old_standard_altar, minmay_lair_entry_grove,
          corexii_hall_statues_i, uniq_erica
Temple:   bh_familiar_temple

Skill      XL: |  1  2  3  4  5  6  7  8  9 10 |
---------------+-------------------------------+-----
Fighting       | 4 5 6 7 8 |  8.4
Armour         | 4 6 7 9 |  9.4
Shields        | 4 5 7 |  7.1
Axes           | 3 4 5 6 8 9 11 12 | 12.4
Dodging        | 1 2 |  2.0
Throwing       | 1 2 3 |  3.7
Stealth        | |  0.2

Action                     |  1- 3 |  4- 6 |  7- 9 | 10-12 || total
---------------------------+-------+-------+-------+-------++-------
  Melee: War axe           |    65 |   143 |   328 |    37 ||   573
         Headbutt          |     6 |    24 |    45 |     4 ||    79
  Throw: Stone             |       |    20 |    23 |       ||    43
         Dart              |       |     3 |     4 |       ||     7
    Use: Scroll            |       |    14 |     9 |       ||    23
         Potion            |       |       |     1 |     4 ||     5
 Armour: Scale mail        |    36 |    48 |       |       ||    84
         Plate armour      |       |    49 |   265 |    31 ||   345
  Dodge: Dodged            |    28 |    37 |   103 |     5 ||   173
  Block: Buckler           |    17 |    23 |    18 |       ||    58
         Kite shield       |       |       |   124 |    23 ||   147

Table legend: (Time is in decaauts)
 A = Elapsed time spent in this place.
 B = Non-inter-level travel time spent in this place.
 C = Inter-level travel time spent in this place.
 D = Time resting spent in this place.
 E = Time spent auto-exploring this place.
 F = Levels seen in this place.
 G = Mean time per level.
                   A        B        C        D        E       F      G
               +--------+--------+--------+--------+--------+-----+--------+
         Total |   8199 |   7856 |    343 |    717 |   5323 |  10 |  819.9 |
       Dungeon |   7727 |   7397 |    330 |    717 |   5074 |   8 |  965.9 |
        Temple |     26 |     13 |     13 |      0 |      0 |   1 |   26.0 |
         Sewer |    445 |    445 |      0 |      0 |    249 |   1 |  445.0 |
               +--------+--------+--------+--------+--------+-----+--------+

Top non-repeatable levels by time:
     D:6: 1361 daAuts
     D:5: 1253 daAuts
     D:4: 1252 daAuts
     D:3: 1179 daAuts
     D:7: 947 daAuts
     D:1: 820 daAuts
     D:2: 648 daAuts
   Sewer: 445 daAuts
     D:8: 264 daAuts
  Temple: 26 daAuts
